 Dungeon Crawl Stone Soup version 0.24-a0-279-ga7546fe674 (webtiles) character file.

Game seed: 10310038415984268316

19216 Redear the Arsonist (level 12, -11/81 HPs)
             Began as a Demigod Wizard on Apr 30, 2019.
             Mangled by an enormous slime creature (63 damage)
             ... on level 13 of the Dungeon on May 1, 2019.
             The game lasted 01:48:29 (20719 turns).

Redear the Arsonist (Demigod Wizard)               Turns: 20719, Time: 01:48:30

Health: -11/81     AC:  9    Str: 10    XL:     12   Next: 7%
Magic:  0/30       EV: 12    Int: 33    God:
Gold:   185        SH:  0    Dex: 14    Spells: 6/31 levels left

rFire    . . .     SeeInvis .   b - +9 dagger "Ehanobuc" {freeze, rElec rN+}
rCold    . . .     Gourm    +   (no shield)
rNeg     + . .     Faith    .   d - +3 leather armour {rPois} {rPois}
rPois    +         Spirit   .   c - +0 helmet
rElec    +         Reflect  .   (no cloak)
rCorr    .         Harm     .   i - +0 pair of gloves
MR       ++...     Clarity  +   e - +0 pair of boots
Stlth    ++........             f - amulet of the gourmand {Gourm}
HPRegen  0.23/turn              m - ring of protection from magic {MR+}
MPRegen  0.22/turn              x - +3 ring of intelligence

@: no status effects
A: clarity, high mp 1, mutation resistance 1
a: no special abilities


You were on level 13 of the Dungeon.
You were very full.

You visited 1 branch of the dungeon, and saw 13 of its levels.

You collected 862 gold pieces.
You spent 677 gold pieces at shops.

Inventory:

Hand Weapons
 b - the +9 dagger "Ehanobuc" (weapon) {freeze, rElec rN+}
   (You found it on level 9 of the Dungeon)

   It has been specially enchanted to freeze those struck by it, causing extra
   injury to most foes and up to half again as much damage against particularly
   susceptible opponents.
   It can also slow down cold-blooded creatures.
   It insulates you from electricity.
   It protects you from negative energy.
 q - a +1 whip of flaming
Missiles
 s - 22 poisoned needles
 G - 207 stones (quivered)
 Z - 5 throwing nets {+f}
Armour
 c - a +0 helmet (worn)
 d - a +3 leather armour of poison resistance (worn) {rPois}
 e - a +0 pair of boots (worn)
 i - a +0 pair of gloves (worn)
 t - the +2 robe of Gozag's Displeasure {+Fly MR+ Dex-4, unknown}
   (You found it on level 11 of the Dungeon)

   It affects your dexterity (-4).
   It affects your resistance to hostile enchantments.
   It lets you fly.
 w - a +0 buckler
 O - a +1 cloak
 U - a cursed +0 cloak
Magical Staves
 C - an uncursed staff of cold {rC+}
Jewellery
 f - an amulet of the gourmand (around neck) {Gourm}
 g - an uncursed ring of ice {rC+ rF-}
 m - a ring of protection from magic (left hand) {MR+}
 r - an uncursed ring of ice {rC+ rF-}
 x - a +3 ring of intelligence (right hand)
 E - an uncursed ring of flight {+Fly}
Wands
 u - a wand of polymorph (23)
 A - a wand of random effects (6)
 I - a wand of iceblast (9)
 P - a wand of paralysis (14)
Scrolls
 a - 3 scrolls of fear
 h - 2 scrolls of random uselessness
 n - 2 scrolls of enchant weapon
 o - 3 scrolls of fog
 y - 2 scrolls of amnesia
 B - 2 scrolls of blinking {@r4}
 D - 2 scrolls of immolation
 F - 2 scrolls of enchant armour
 M - 2 scrolls of magic mapping
 N - 6 scrolls of remove curse {@r2}
 R - a scroll of identify {@r1}
 T - 4 scrolls of teleportation {@r3}
Potions
 j - 4 potions of degeneration {!q}
 k - a potion of berserk rage {unknown}
 l - 3 potions of flight
 p - 3 potions of magic
 v - a potion of mutation {!q}
 H - 3 potions of haste
 J - 3 potions of lignification
 K - a potion of brilliance {unknown}
 Q - a potion of curing {@q2}
 S - a potion of heal wounds {unknown}
Comestibles
 z - 21 rations


   Skills:
 - Level 1.7 Dodging
 - Level 1.7 Stealth
 + Level 10.2 Spellcasting
 - Level 8.3 Conjurations
 - Level 2.2 Hexes
 - Level 4.0 Summonings
 - Level 2.3 Translocations
 - Level 10.4 Fire Magic
 - Level 5.0 Ice Magic
 - Level 2.0 Air Magic
 - Level 2.0 Poison Magic


You had 6 spell levels left.
You knew the following spells:

 Your Spells              Type           Power        Failure   Level  Hunger
a - Throw Icicle          Conj/Ice       ######..     2%          4    None
b - Call Imp              Summ           #####...     1%          2    None
c - Slow                  Hex            ####....     2%          2    None
d - Blink                 Tloc           N/A          2%          2    None
e - Summon Ice Beast      Ice/Summ       #####...     6%          4    None
f - Fireball              Conj/Fire      ######....   2%          5    ###....
j - Conjure Flame         Conj/Fire      ######..     1%          3    None
m - Mephitic Cloud        Conj/Pois/Air  #####...     1%          3    None

Your spell library contained the following spells:

 Spells                   Type           Power        Failure   Level  Hunger
 Confusing Touch          Hex            ####..       1%          1    None
 Flame Tongue             Conj/Fire      #####        1%          1    None
 Freeze                   Ice            ####         1%          1    None
 Magic Dart               Conj           ####         1%          1    None
 Throw Flame              Conj/Fire      ######       1%          2    None
 Throw Frost              Conj/Ice       ######       1%          2    None
 Inner Flame              Hex/Fire       ######..     1%          3    None
 Sticky Flame             Conj/Fire      ######..     1%          4    None
 Beastly Appendage        Tmut           ###...       3%          1    None
 Confuse                  Hex            ####....     4%          3    None
 Gell's Gravitas          Tloc           ####......   4%          3    None
 Ozocubu's Armour         Chrm/Ice       ####....     4%          3    None
 Sticks to Snakes         Tmut           ###.....     6%          2    None
 Spider Form              Tmut/Pois      ###.......   8%          3    None
 Summon Lightning Spire   Summ/Air       #####...     11%         4    None
 Ice Form                 Ice/Tmut       ####....     14%         4    None
 Metabolic Englaciation   Hex/Ice        #####.....   24%         5    ###....
 Petrify                  Tmut/Erth      ###.....     36%         4    None
 Silence                  Hex/Air        ####......   38%         5    ###....
 Yara's Violent Unravell  Hex/Tmut       ###.......   54%         5    ###....
 Conjure Ball Lightning   Conj/Air       ######....   56%         6    #####..
 Blade Hands              Tmut           ###.......   71%         5    ###....
 Deflect Missiles         Chrm/Air       ###.......   98%         6    #####..
 Tornado                  Air            ####......   100%        9    #######


Dungeon Overview and Level Annotations

Branches:
Dungeon (13/15)            Temple (0/1) D:5            Lair (0/6) D:8
    Orc (0/2) D:9
 Vaults: D:13-14

Shops:
D:5 *%   D:9 :   D:11 ?   D:13 ?

Annotations:
D:13 2 runed translucent doors, loom's ghost, journeyman GrFE


Innate Abilities, Weirdness & Mutations

You have an increased reservoir of magic. (+10% MP)
You possess an exceptional clarity of mind.
You are somewhat resistant to further mutation.


Message History

A slime creature suddenly becomes an enormous slime creature.
The slime creature hits you!
You take 17 damage, and have 64/81 hp.
MASSIVE DAMAGE!!
You completely miss the slime creature.
The slime creature is almost dead.
The slime creature hits you!
You take 12 damage, and have 52/81 hp.
You barely miss the slime creature.
The slime creature is almost dead.
The slime creature closely misses you.
Casting: Throw Icicle (safe; 2% risk of failure)
Confirm with . or Enter, or press ? or * to list all spells.
Aiming: Throw Icicle (safe; 2% risk of failure)
Press: ? - help, Shift-Dir - straight line, f - slime creature
Aim: a slime creature (almost dead)
The shard of ice hits the slime creature!!
You kill the slime creature!
The enormous slime creature hits you!!!
Ouch! That really hurt!
You die...

#.#.##...#..#####...W[..#...
#...##..###.#V.....8#.. #...
##..##...###.+L♣..♣#######...
####............##..###.........
##......##...####.#####..........
.......###...###...## #..........
..)....#...#.#...#..# #..#>......
.......#..)#...####.###.).......#
######..........@Jo......#....###
######........#####.#...###.#.##.
..........#.....# #.#.#.###.#..#.
......#.....#...# #J....##..##...
...........########o.....^.#..8..
..........########.o....##.......
.................................
......####..............##.......
####### ##.......##.............


You could see an enormous slime creature and an orc warrior.

Vanquished Creatures
  Rupert (D:13)
  A hydra (D:11)
  A centaur warrior (D:13)
  4 two-headed ogres
  Sonja (D:10)
  Pikel (D:9)
  2 deep elf magi
  A cyclops (D:13)
  An ugly thing (D:12)
  Maurice (D:13)
  A kobold demonologist (D:12)
  2 centaur skeletons
  A troll (D:13)
  5 slime creatures
  A shadow (D:12)
  A spriggan (D:8)
  3 yaks (D:8)
  A basilisk (D:12)
  2 sky beasts
  An ice beast (D:13)
  3 slaves (D:9)
  A hornet zombie (D:9)
  3 orc warriors
  A black bear (D:7)
  3 centaurs
  4 phantoms
  3 ogres
  A big kobold (D:12)
  10 bullfrogs
  A scorpion (D:11)
  A troll zombie (D:9)
  Dowan (D:6)
  7 killer bees
  10 wights
  An electric eel (D:12)
  4 howler monkeys
  4 crimson imps
  A bullfrog zombie (D:11)
  2 hounds
  A jelly (D:8)
  A quasit (D:13)
  2 bullfrog skeletons (D:6)
  2 orc priests
  2 iguanas
  6 orc wizards
  5 worker ants
  2 killer bee zombies
  6 ogre zombies (D:9)
  A hound zombie (D:11)
  A hound skeleton (D:6)
  4 gnolls
  A howler monkey skeleton (D:5)
  8 adders
  5 shadow imps
  An ooze (D:3)
  3 adder skeletons
  A worm (D:5)
  4 dart slugs
  7 leopard geckos
  22 orcs
  2 ball pythons
  3 bats
  5 giant cockroaches
  7 goblins
  3 hobgoblins (D:1)
  A jackal (D:6)
  4 quokkas
  4 frilled lizards
  A goblin skeleton (D:9)
  4 goblin zombies (D:9)
  A hobgoblin skeleton (D:9)
  A hobgoblin zombie (D:9)
  20 kobolds
  A leopard gecko zombie (D:5)
  An orc skeleton (D:9)
  13 orc zombies (D:9)
  A quokka skeleton (D:7)
  6 rats
256 creatures vanquished.

Vanquished Creatures (collateral kills)
  Harold (D:8)
  2 two-headed ogres
  2 ugly things
  2 slime creatures (D:12)
  A manticore (D:12)
  A cyclops (D:11)
  A centaur skeleton (D:10)
  Joseph (D:7)
  A hippogriff (D:10)
  A wraith (D:11)
  Duvessa (D:6)
  A slave (D:9)
  An eye of draining (D:11)
  An orc warrior (D:10)
  A sky beast (D:2)
  2 phantoms
  6 ogres
  2 centaurs
  A big kobold (D:10)
  3 bullfrogs
  3 killer bees (D:10)
  A howler monkey (D:9)
  2 wights
  An electric eel (D:12)
  2 crimson imps
  2 quasits
  A hound (D:4)
  3 orc wizards
  An orc priest (D:6)
  A bullfrog skeleton (D:12)
  4 iguanas
  A worker ant (D:6)
  An ogre zombie (D:9)
  6 gnolls
  A worker ant zombie (D:11)
  An adder skeleton (D:6)
  A worm (D:4)
  12 orcs
  A giant cockroach (D:6)
  A jackal (D:6)
  2 kobolds (D:12)
  2 ball pythons
  A leopard gecko skeleton (D:7)
  An orc skeleton (D:9)
  2 orc zombies (D:9)
86 creatures vanquished.

Grand Total: 342 creatures vanquished

Notes
Turn   | Place    | Note
-------+----------+-------------------------------------------
     0 | D:1      | Redear the Demigod Wizard began the quest for the Orb.
     0 | D:1      | Reached XP level 1. HP: 14/14 MP: 6/6
    31 | D:1      | Reached skill level 1 in Conjurations
   421 | D:1      | Reached skill level 3 in Spellcasting
   421 | D:1      | Reached XP level 2. HP: 20/20 MP: 4/8
   836 | D:1      | Reached skill level 2 in Conjurations
   892 | D:1      | Learned a level 2 spell: Call Imp
   895 | D:1      | Learned a level 2 spell: Blink
  1268 | D:2      | Reached skill level 1 in Summonings
  1268 | D:2      | Reached XP level 3. HP: 19/26 MP: 2/10
  1736 | D:2      | Reached XP level 4. HP: 33/33 MP: 6/12
  2250 | D:3      | Noticed a sky beast
  2292 | D:2      | Killed a sky beast
  2292 | D:2      | Reached skill level 2 in Summonings
  3082 | D:3      | Reached XP level 5. HP: 31/38 MP: 3/13
  3086 | D:3      | Reached skill level 3 in Conjurations
  3216 | D:4      | Found a blossoming altar of Fedhas.
  3218 | D:4      | Found an ancient bone altar of Kikubaaqudgha.
  3265 | D:4      | Noticed an ogre
  3291 | D:4      | Killed an ogre
  3291 | D:4      | Reached skill level 4 in Spellcasting
  4001 | D:4      | Noticed an ogre
  4015 | D:4      | Killed an ogre
  4015 | D:4      | Reached skill level 3 in Summonings
  4015 | D:4      | Reached XP level 6. HP: 24/45 MP: 6/15
  4781 | D:4      | Learned a level 3 spell: Conjure Flame
  4784 | D:4      | Learned a level 2 spell: Slow
  4788 | D:4      | Learned a level 3 spell: Mephitic Cloud
  4878 | D:5      | Entered Level 5 of the Dungeon
  4919 | D:5      | Found Huxithric's Elemental Accessories.
  4996 | D:5      | Reached skill level 4 in Conjurations
  5318 | D:5      | Reached XP level 7. HP: 40/50 MP: 7/17
  5553 | D:5      | Found a staircase to the Ecumenical Temple.
  5578 | D:5      | Found Xexoh's Food Shop.
  5694 | D:5      | You fall through a shaft for 3 floors!
  5805 | D:8      | Found a staircase to the Lair.
  5947 | D:6      | Reached skill level 4 in Summonings
  6128 | D:6      | Reached skill level 1 in Translocations
  6176 | D:6      | HP: 5/50 [iguana (14)]
  6306 | D:6      | Gained mutation: You possess an exceptional clarity of
                  | mind. [potion of mutation]
  6306 | D:6      | Gained mutation: You are somewhat resistant to further
                  | mutation. [potion of mutation]
  6315 | D:6      | HP: 2/50 [orc wizard/puff of frost (11)]
  6619 | D:6      | Noticed Duvessa
  6619 | D:6      | Noticed Dowan
  6637 | D:6      | Killed Dowan
  6704 | D:6      | Killed Duvessa
  6898 | D:6      | Reached skill level 1 in Fire Magic
  6898 | D:6      | Reached skill level 1 in Air Magic
  6898 | D:6      | Reached skill level 1 in Poison Magic
  7611 | D:6      | Reached skill level 2 in Translocations
  7864 | D:6      | Reached XP level 8. HP: 22/57 MP: 13/18
  7892 | D:6      | Reached skill level 5 in Conjurations
  7892 | D:6      | Reached skill level 2 in Air Magic
  8017 | D:6      | Reached skill level 2 in Poison Magic
  8244 | D:5      | Reached skill level 2 in Fire Magic
  8584 | D:7      | Reached skill level 6 in Conjurations
  8604 | D:7      | Upgraded the game from 0.24-a0-278-gefa197325e to
                  | 0.24-a0-279-ga7546fe674
  9173 | D:7      | Found a stormy altar of Qazlal.
  9190 | D:7      | Noticed Joseph
  9372 | D:7      | Reached skill level 5 in Spellcasting
  9372 | D:7      | Reached skill level 1 in Hexes
  9503 | D:7      | Found a shimmering altar of Xom.
  9506 | D:7      | Found a shimmering altar of Xom.
  9508 | D:7      | Found a shimmering altar of Xom.
  9673 | D:8      | Reached skill level 7 in Conjurations
  9673 | D:8      | Reached skill level 2 in Hexes
  9677 | D:8      | HP: 4/57 [yak (9)]
 10289 | D:8      | Noticed Harold
 10685 | D:8      | Reached XP level 9. HP: 62/62 MP: 13/20
 11167 | D:9      | Reached skill level 8 in Conjurations
 11171 | D:9      | Found a glowing silver altar of Zin.
 11200 | D:9      | Noticed Pikel
 11389 | D:9      | Killed Pikel
 11577 | D:9      | Learned a level 4 spell: Summon Ice Beast
 11676 | D:9      | Reached skill level 6 in Spellcasting
 11676 | D:9      | Reached skill level 1 in Ice Magic
 11992 | D:9      | Found Emyamm's Book Emporium.
 12012 | D:9      | Bought a book of Flames for 350 gold pieces
 12245 | D:9      | Reached skill level 2 in Ice Magic
 12540 | D:9      | Found a staircase to the Orcish Mines.
 13149 | D:9      | Found a hazy altar of Hepliaklqana.
 13169 | D:9      | Noticed a two-headed ogre
 13169 | D:9      | Reached skill level 3 in Ice Magic
 13210 | D:9      | Killed a two-headed ogre
 13210 | D:9      | Reached skill level 7 in Spellcasting
 13529 | D:9      | Got a warped dagger
 13539 | D:9      | Reached skill level 4 in Ice Magic
 13589 | D:9      | Identified the +9 dagger "Ehanobuc" {freeze, rElec rN+}
                  | (You found it on level 9 of the Dungeon)
 13609 | D:9      | Learned a level 5 spell: Fireball
 13794 | D:9      | Reached XP level 10. HP: 69/69 MP: 24/24
 14161 | D:10     | Entered Level 10 of the Dungeon
 14243 | D:10     | Noticed a two-headed ogre
 14556 | D:10     | Killed a two-headed ogre
 14556 | D:10     | Reached skill level 5 in Ice Magic
 14601 | D:10     | You fall through a shaft for 3 floors!
 14601 | D:13     | Found a shadowy altar of Dithmenos.
 14602 | D:13     | Noticed a deep elf mage
 14607 | D:13     | Killed a deep elf mage
 14607 | D:13     | Reached skill level 8 in Spellcasting
 14617 | D:13     | Noticed a two-headed ogre
 14622 | D:13     | Killed a two-headed ogre
 14622 | D:13     | Reached skill level 3 in Fire Magic
 14625 | D:13     | Noticed Rupert
 14644 | D:13     | Found Niudaoc's Magic Scroll Boutique.
 14664 | D:12     | Noticed a cyan ugly thing
 14680 | D:12     | Noticed a two-headed ogre
 14683 | D:12     | Noticed a deep elf mage
 14884 | D:10     | Reached skill level 4 in Fire Magic
 15137 | D:10     | Reached skill level 5 in Fire Magic
 15391 | D:10     | Noticed Sonja
 15399 | D:10     | Killed Sonja
 15399 | D:10     | Reached skill level 6 in Fire Magic
 16002 | D:8      | Killed Harold
 16164 | D:7      | Killed Joseph
 16436 | D:11     | Noticed a six-headed hydra
 16477 | D:11     | Noticed a cyclops
 16520 | D:11     | Found Uruti's Magic Scroll Emporium.
 16540 | D:11     | Bought a scroll of teleportation for 33 gold pieces
 16540 | D:11     | Bought a scroll of teleportation for 33 gold pieces
 16540 | D:11     | Bought 2 scrolls of identify for 44 gold pieces
 16605 | D:11     | Noticed a two-headed ogre
 16619 | D:11     | Killed a two-headed ogre
 16698 | D:11     | Reached skill level 9 in Spellcasting
 16835 | D:11     | Noticed a white ugly thing
 16849 | D:11     | Reached XP level 11. HP: 74/74 MP: 21/28
 16963 | D:11     | Got a twisted robe
 17092 | D:11     | Found a stormy altar of Qazlal.
 17482 | D:11     | Killed a six-headed hydra
 17844 | D:12     | Killed a two-headed ogre
 17844 | D:12     | Reached skill level 10 in Spellcasting
 18293 | D:12     | Learned a level 4 spell: Throw Icicle
 18362 | D:12     | Reached skill level 7 in Fire Magic
 18854 | D:12     | Reached skill level 8 in Fire Magic
 18903 | D:12     | Noticed a two-headed ogre
 18931 | D:12     | Killed a two-headed ogre
 19487 | D:13     | Noticed a centaur warrior
 19963 | D:13     | Killed a centaur warrior
 19963 | D:13     | Reached skill level 9 in Fire Magic
 20164 | D:13     | Bought a scroll of identify for 28 gold pieces
 20168 | D:13     | Bought a scroll of teleportation for 42 gold pieces
 20168 | D:13     | Bought a scroll of blinking for 105 gold pieces
 20168 | D:13     | Bought a scroll of teleportation for 42 gold pieces
 20185 | D:13     | Noticed loom's ghost (journeyman GrFE)
 20187 | D:13     | Noticed a skeletal warrior
 20280 | D:13     | Found a runed translucent door.
 20280 | D:13     | Noticed a lich
 20281 | D:13     | Noticed a necromancer
 20281 | D:13     | Noticed Maurice
 20282 | D:13     | Noticed a frost giant
 20287 | D:13     | Killed Maurice
 20288 | D:13     | Found a runed translucent door.
 20289 | D:13     | Noticed a frost giant
 20483 | D:13     | Killed Rupert
 20483 | D:13     | Reached skill level 10 in Fire Magic
 20483 | D:13     | Reached XP level 12. HP: 81/81 MP: 2/30
 20719 | D:13     | Mangled by an enormous slime creature

Levels and vault maps discovered:
D:1:      tarquinn_simple_flora_water_f, layout_basic
D:2:      layout_loops_corners
D:3:      layout_basic
D:4:      layout_gridville, grunt_temple_overflow_growth_and_decay,
          serial_rivers, chequers_serial_rivers_small_3,
          chequers_serial_rivers_micro_e, chequers_serial_rivers_small_3,
          chequers_serial_rivers_small_b, chequers_serial_rivers_marsh,
          first_ration, chequers_serial_rivers_small_b
D:5:      layout_loops_ring, minmay_temple_entry_mini_moons, serial_shops, shop,
          nicolae_elemental_shop
D:6:      layout_loops_ring, enter_ossuary_2, uniq_duvessa
D:7:      layout_cave_pools, grunt_qazlal_clouds, xom_redecorated, uniq_joseph
D:8:      layout_loops_corners, lair_entry_dummy, the_bakery, uniq_harold
D:9:      layout_stronghold, overflow_temple_1_default, lemuel_doored_altar,
          zombieorc2_lemuel, serial_shops, nicolae_shop_stone, uniq_pikel
D:10:     layout_loops_ring, uniq_sonja
D:11:     layout_irregular_city, serial_shops, nicolae_shop_stone,
          serial_column_ruins, column_ruins_temple_hall, column_ruins_grid_1,
          column_ruins_corridor_corner, column_ruins_grid_3,
          column_ruins_open_small, column_ruins_open_small_water
D:12:     layout_loops_cross, nrook_pool_corridor
D:13:     layout_rooms, serial_shops, shop_statue, muffindrake_ghost_dual_entry,
          david_defended_altar_elf, uniq_rupert, uniq_maurice

Skill      XL: |  1  2  3  4  5  6  7  8  9 10 11 |
---------------+----------------------------------+-----
Conjurations   | 1 2 3 4 7 8 |  8.3
Spellcasting   | 3 4 5 7 9 10 | 10.2
Summonings     | 1 2 3 4 |  4.0
Translocations | 2 |  2.3
Fire Magic     | 1 2 6 10 | 10.4
Air Magic      | 1 2 |  2.0
Poison Magic   | 1 2 |  2.0
Hexes          | 2 |  2.2
Ice Magic      | 4 5 |  5.0
Dodging        | |  1.7
Stealth        | |  1.7

Action                   |  1- 3 |  4- 6 |  7- 9 | 10-12 || total
-------------------------+-------+-------+-------+-------++-------
Melee: Unarmed           |     8 |       |       |       ||     8
       Dagger            |       |    17 |   246 |   152 ||   415
       Staff             |       |    14 |       |       ||    14
 Cast: Magic Dart        |    83 |   110 |   310 |   118 ||   621
       Call Imp          |       |    58 |    90 |     2 ||   150
       Blink             |       |       |    18 |     3 ||    21
       Conjure Flame     |       |       |    14 |     2 ||    16
       Mephitic Cloud    |       |       |     5 |    40 ||    45
       Summon Ice Beast  |       |       |       |    65 ||    65
       Fireball          |       |       |       |    29 ||    29
       Throw Icicle      |       |       |       |    43 ||    43
Evoke: Wand              |       |       |    27 |     3 ||    30
  Use: Potion            |       |       |     7 |     2 ||     9
       Scroll            |       |       |    11 |     9 ||    20
 Stab: Distracted        |       |       |     1 |       ||     1
       Confused          |       |       |     1 |     9 ||    10
       Paralysed         |       |       |     1 |     3 ||     4
       Sleeping          |       |       |       |     1 ||     1
  Eat: Chunk             |     1 |     9 |    19 |    29 ||    58
       Ration            |       |     1 |     2 |     1 ||     4
Armor: Robe              |       |     7 |    10 |       ||    17
       Leather armour    |       |       |    91 |    63 ||   154
       Skin              |       |       |       |     1 ||     1
Dodge: Dodged            |    21 |    38 |   175 |   123 ||   357

Table legend:
 A = Non-vault XP
 B = Vault XP
 C = Vault XP percentage of total XP
 D = Non-vault monster count
 E = Vault monster count
 F = Vault count percentage of total count
                 A         B        C        D         E       F
            +---------+---------+-------+---------+---------+-------
      Total |   20553 |    6899 |  25.1 |     293 |      45 |  13.3
            +---------+---------+-------+---------+---------+-------
        D:1 |      44 |       0 |   0.0 |      21 |       0 |   0.0
        D:2 |     160 |       0 |   0.0 |      15 |       0 |   0.0
        D:3 |      56 |       0 |   0.0 |      17 |       0 |   0.0
        D:4 |     445 |       0 |   0.0 |      23 |       0 |   0.0
        D:5 |     304 |       0 |   0.0 |      14 |       0 |   0.0
        D:6 |     785 |     140 |  15.1 |      30 |       2 |   6.2
        D:7 |     593 |     253 |  29.9 |      18 |       1 |   5.3
        D:8 |     875 |     891 |  50.5 |      14 |       2 |  12.5
        D:9 |    2081 |     977 |  31.9 |      23 |      36 |  61.0
       D:10 |    2368 |     807 |  25.4 |      32 |       1 |   3.0
       D:11 |    2579 |       0 |   0.0 |      24 |       0 |   0.0
       D:12 |    6232 |       0 |   0.0 |      42 |       0 |   0.0
       D:13 |    4031 |    3831 |  48.7 |      20 |       3 |  13.0
            +---------+---------+-------+---------+---------+-------
